 Dungeon Crawl Stone Soup version 0.20-a0-700-gbd4582c (webtiles) character file.

31 Alarkh the Magician (level 3, -3/27 HPs)
             Began as a Mummy Skald on Feb 20, 2017.
             Killed from afar by Sigmund (19 damage)
             ... with a puff of flame
             ... on level 2 of the Dungeon.
             The game lasted 00:01:06 (448 turns).

Alarkh the Magician (Mummy Skald)                    Turns: 448, Time: 00:01:06

Health: -3/27      AC:  3    Str: 14    XL:     3   Next: 7%
Magic:  6/7        EV: 11    Int: 13    God:
Gold:   37         SH:  0    Dex: 11    Spells: 7/8 levels left

rFire    x . .     SeeInvis .   a - +0 falchion
rCold    + . .     Gourm    .   b - +0 leather armour
rNeg     + + +     Faith    .   (no shield)
rPois    ∞         Spirit   .   (no helmet)
rElec    .         Reflect  .   (no cloak)
rCorr    .         Harm     .   (no gloves)
MR       .....                  (no boots)
Stlth    +.........             (no amulet)
Regen    0.1/turn               (no ring)
MPRegen  0.1/turn               (no ring)

@: confused
A: no food or potions, fire vulnerability, cold resistance 1, negative energy
resistance 3, torment resistance, unbreathing
a: no special abilities


You were on level 2 of the Dungeon.
You were not hungry.

You visited 1 branch of the dungeon, and saw 2 of its levels.

You collected 37 gold pieces.

Inventory:

Hand Weapons
 a - a +0 falchion (weapon)
Armour
 b - a +0 leather armour (worn)
 g - a +1 pair of boots of running
Scrolls
 d - a scroll of teleportation
 e - 2 scrolls of identify
 f - a scroll of amnesia {unknown}
Books
 c - a book of Battle

   Spells                             Type                      Level
   a - Infusion                       Charms                       1
   b - Shroud of Golubria             Charms/Translocation         2
   c - Song of Slaying                Charms                       2
   d - Spectral Weapon                Hexes/Charms                 3
   e - Regeneration                   Charms/Necromancy            3


   Skills:
 - Level 2.0 Fighting
 * Level 2.3 Long Blades
 - Level 0.7 Armour
 - Level 1.5 Dodging
 + Level 3.1 Spellcasting
 + Level 2.7 Charms


You had 7 spell levels left.
You knew the following spells:

 Your Spells              Type           Power        Failure   Level  Hunger
a - Infusion              Chrm           #...         12%         1    N/A

Dungeon Overview and Level Annotations

Branches:
Dungeon (2/15)

Altars:
Gozag

Annotations:
D:2 Sigmund


Innate Abilities, Weirdness & Mutations

You do not eat or drink.
Your flesh is vulnerable to fire.
You are immune to poison.
Your flesh is cold resistant. (rC+)
You are immune to negative energy. (rN+++)
You are immune to unholy pain and torment.
You can survive without breathing.


Message History

Sigmund flickers and vanishes!
Deactivating autopickup; reactivate with Ctrl-A.
You bump into the rock wall.
Something hits you!
You feel less confused.
You hear some strange, mumbled words.
You are confused.
You feel less confused.
You see here 22 stones.
You see here an adder corpse.
You are confused.
You bump into the rock wall.
You hear some strange, mumbled words.
You are more confused.
You're too confused!
You bump into the rock wall.
You hear some strange, mumbled words.
A puff of flame appears from out of thin air!
The puff of flame hits you! The fire burns you terribly!
Ouch! That really hurt!
You die...

#..#(......#
#.†#.{.....#
##.##.....##
#.####.####.#
#............#
####.#####.......
#....## #......
#.#...#### ......
#..@.....+ ......
#.#...#### .....
#.##.## .....
##.#### #...# #.#.#
#+# #...# #.#
###.###### #.#####
#......######.#...#


There were no monsters in sight!

Vanquished Creatures
  An adder (D:2)
  A dart slug (D:1)
  A leopard gecko (D:1)
  A ball python (D:1)
  2 giant cockroaches (D:1)
  2 goblins (D:1)
  A hobgoblin (D:1)
  2 jackals (D:1)
  2 kobolds (D:1)
  2 bats (D:1)
  A frilled lizard (D:1)
  2 rats (D:1)
18 creatures vanquished.

Notes
Turn   | Place    | Note
-------+----------+-------------------------------------------
     0 | D:1      | Alarkh the Mummy Skald began the quest for the Orb.
     0 | D:1      | Reached XP level 1. HP: 16/16 MP: 4/4
   114 | D:1      | Reached XP level 2. HP: 20/22 MP: 0/5
   410 | D:2      | Reached skill level 3 in Spellcasting
   410 | D:2      | Reached XP level 3. HP: 26/27 MP: 2/7
   412 | D:2      | Found an opulent altar of Gozag.
   413 | D:2      | Noticed Sigmund
   448 | D:2      | Killed from afar by Sigmund

Vault maps used:
D:1:      dpeg_arrival_simpleton_b
D:2:      old_standard_altar, nicolae_overflow_crystal_walls, zin_statuary,
          eat_drink_and_be_merry_uskayaw, uniq_iyjb, uniq_sigmund, uniq_terence

Skill      XL: |  1  2 |
---------------+-------+-----
Long Blades    | 2 |  2.3
Spellcasting   | 3 |  3.1
Fighting       | |  2.0
Armour         | |  0.7
Dodging        | |  1.5
Charms         | |  2.7

Action                   || total
-------------------------++-------
Melee: Falchion          ||    55
 Cast: Infusion          ||    10
  Use: Scroll            ||     1
Armor: Leather armour    ||    21
Dodge: Dodged            ||    45
       Rpst.: Falchion   ||    18
